PCL
OKLAHOMA CITY DODGERS @ MEMPHIS REDBIRDS
04/18/2024
 
TOP OF THE 1ST
Oklahoma City Dodgers batting - Pitching for Memphis Redbirds : RHP Chris McMahon
Pitching: RHP Chris McMahon
Batting: LHB Oscar Lester 0-0: Ball
1-0: Called Strike
1-1: Ground out 4-3 (Groundball, 13, EV 86.3 MPH)
Batting: LHB Enrico DeLeón 0-0: Ground out 4-3 (Groundball, 4, EV 83.8 MPH)
Batting: SHB Colton Duncan 0-0: Ground out 3-1 (Groundball, 34, EV 94.4 MPH)
Top of the 1st over - 0 runs, 0 hits, 0 errors, 0 left on base; Oklahoma City 0 - Memphis 0
BOTTOM OF THE 1ST
Memphis Redbirds batting - Pitching for Oklahoma City Dodgers : RHP Curtis Peters
Pitching: RHP Curtis Peters
Batting: RHB Tyler Cross 0-0: Foul Ball, location: 5FF
0-1: Ball
1-1: Fly out, F9 (Flyball, 9D, EV 105.6 MPH)
Batting: LHB William Stevens 0-0: Called Strike
0-1: Ball
1-1: Ball
2-1: Called Strike
2-2: Fly out, F5 (Popup, 5SF, EV 69.4 MPH)
Batting: LHB Peter Beach 0-0: Ball
1-0: Called Strike
1-1: Ball
2-1: Foul Ball, location: 2F
2-2: Foul Ball, location: 2F
2-2: SINGLE (Groundball, 34D, EV 110.6 MPH)
Batting: SHB Matt McLain 0-0: Ball
1-0: Ball
2-0: Called Strike
2-1: Foul Ball, location: 7LDF
2-2: Strikes out swinging
Bottom of the 1st over - 0 runs, 1 hit, 0 errors, 1 left on base; Oklahoma City 0 - Memphis 0
TOP OF THE 2ND
Oklahoma City Dodgers batting - Pitching for Memphis Redbirds : RHP Chris McMahon
Batting: RHB Josh Breaux 0-0: Ball
1-0: Ball
2-0: Ball
3-0: Base on Balls
Batting: RHB Christopher Morel 0-0: Called Strike
0-1: Foul Ball, location: 9LSF
0-2: Ball
1-2: 2-RUN HOME RUN (Flyball, 7D, EV 94.4 MPH), Distance : 351 ft
Batting: RHB Chris Burnett 0-0: Ball
1-0: Ball
2-0: Called Strike
2-1: Called Strike
2-2: Ball
3-2: Strikes out swinging
Batting: RHB Ty Storey 0-0: Fly out, F8 (Flyball, 89D, EV 101.3 MPH)
Batting: RHB Andrew Taylor 0-0: Ball
1-0: Fly out, F8 (Flyball, 8LXD, EV 110.6 MPH)
Top of the 2nd over - 2 runs, 1 hit, 0 errors, 0 left on base; Oklahoma City 2 - Memphis 0
BOTTOM OF THE 2ND
Memphis Redbirds batting - Pitching for Oklahoma City Dodgers : RHP Curtis Peters
Batting: RHB Ryan Kreidler 0-0: Foul Ball, location: 2F
0-1: Ball
1-1: Fly out, F7 (Flyball, 7, EV 98.8 MPH)
Batting: RHB Bo Bauer 0-0: Foul Ball, location: 23FF
0-1: Called Strike
0-2: Ball
1-2: Strikes out swinging
Batting: RHB Justin Ellis 0-0: Ball
1-0: Called Strike
1-1: Swinging Strike
1-2: Ball
2-2: Strikes out looking
Bottom of the 2nd over - 0 runs, 0 hits, 0 errors, 0 left on base; Oklahoma City 2 - Memphis 0
TOP OF THE 3RD
Oklahoma City Dodgers batting - Pitching for Memphis Redbirds : RHP Chris McMahon
Batting: LHB Justin Catron 0-0: Ball
1-0: Fly out, F8 (Flyball, 8LD, EV 100.6 MPH)
Batting: LHB Oscar Lester 0-0: Ball
1-0: Ground out 4-3 (Groundball, 4, EV 81.9 MPH)
Batting: LHB Enrico DeLeón 0-0: Ball
1-0: Ball
2-0: Ground out 5-3 (Groundball, 56, EV 87.5 MPH)
Top of the 3rd over - 0 runs, 0 hits, 0 errors, 0 left on base; Oklahoma City 2 - Memphis 0
BOTTOM OF THE 3RD
Memphis Redbirds batting - Pitching for Oklahoma City Dodgers : RHP Curtis Peters
Batting: RHB Joe Yovin 0-0: Called Strike
0-1: Ball
1-1: Called Strike
1-2: Ball
2-2: Ball
3-2: Foul Ball, location: 2LF
3-2: SINGLE (Groundball, 5D, EV 97.5 MPH)
Batting: RHB Danny Morton 0-0: Foul Ball, location: 5F
0-1: Ball
1-1: Ball
2-1: Foul Ball, location: 23FF
2-2: Strikes out looking
Batting: RHB Tyler Cross 0-0: Called Strike
0-1: Foul Ball, location: 2F
0-2: SINGLE (Groundball, 6MD, EV 94.4 MPH)
Joe Yovin to second
Batting: LHB William Stevens 0-0: Ball
1-0: Ball
2-0: Called Strike
2-1: Foul Ball, location: 3FF
2-2: Foul Ball, location: 2RF
2-2: Ball
3-2: Foul Ball, location: 2LF
3-2: Ground out U3 (Groundball, 34S, EV 63.8 MPH)
Joe Yovin to third
Tyler Cross to second
Batting: LHB Peter Beach 0-0: Called Strike
0-1: Foul Ball, location: 2F
0-2: Strikes out swinging
Bottom of the 3rd over - 0 runs, 2 hits, 0 errors, 2 left on base; Oklahoma City 2 - Memphis 0
TOP OF THE 4TH
Oklahoma City Dodgers batting - Pitching for Memphis Redbirds : RHP Chris McMahon
Batting: SHB Colton Duncan 0-0: Called Strike
0-1: Fly out, F9 (Flyball, 89M, EV 95.0 MPH)
Batting: RHB Josh Breaux 0-0: Foul Ball, location: 23FF
0-1: Ball
1-1: Swinging Strike
1-2: Ground out U3 (Groundball, 34S, EV 81.3 MPH)
Batting: RHB Christopher Morel 0-0: Called Strike
0-1: Ball
1-1: Fly out, F7 (Flyball, 78S, EV 87.5 MPH)
Top of the 4th over - 0 runs, 0 hits, 0 errors, 0 left on base; Oklahoma City 2 - Memphis 0
BOTTOM OF THE 4TH
Memphis Redbirds batting - Pitching for Oklahoma City Dodgers : RHP Curtis Peters
Batting: SHB Matt McLain 0-0: Called Strike
0-1: Called Strike
0-2: Foul Ball, location: 7LMF
0-2: Ball
1-2: Ball
2-2: Ball
3-2: Ground out U3 (Groundball, 3S, EV 71.9 MPH)
Batting: RHB Ryan Kreidler 0-0: Called Strike
0-1: Ball
1-1: Fly out, F8 (Flyball, 8LD, EV 105.0 MPH)
Batting: RHB Bo Bauer 0-0: Foul Ball, location: 9LMF
0-1: Ball
1-1: Foul Ball, location: 9LSF
1-2: Foul Ball, location: 5FF
1-2: Strikes out swinging
Bottom of the 4th over - 0 runs, 0 hits, 0 errors, 0 left on base; Oklahoma City 2 - Memphis 0
TOP OF THE 5TH
Oklahoma City Dodgers batting - Pitching for Memphis Redbirds : RHP Chris McMahon
Batting: RHB Chris Burnett 0-0: Ball
1-0: Ball
2-0: Called Strike
2-1: Swinging Strike
2-2: Strikes out swinging
Batting: RHB Ty Storey 0-0: Ball
1-0: Foul Ball, location: 9LSF
1-1: Foul Ball, location: 2F
1-2: Ball
2-2: Ground out U3 (Groundball, 3, EV 95.6 MPH)
Batting: RHB Andrew Taylor 0-0: Called Strike
0-1: Ground out 6-3 (Groundball, 6, EV 104.4 MPH)
Top of the 5th over - 0 runs, 0 hits, 0 errors, 0 left on base; Oklahoma City 2 - Memphis 0
BOTTOM OF THE 5TH
Memphis Redbirds batting - Pitching for Oklahoma City Dodgers : RHP Curtis Peters
Batting: RHB Justin Ellis 0-0: Ball
1-0: Ground out 5-3 (Groundball, 5L, EV 83.8 MPH)
Batting: RHB Joe Yovin 0-0: Called Strike
0-1: Ball
1-1: Ground out 6-3 (Groundball, 6, EV 88.1 MPH)
Batting: RHB Danny Morton 0-0: Ground out U3 (Groundball, 34, EV 95.6 MPH)
Bottom of the 5th over - 0 runs, 0 hits, 0 errors, 0 left on base; Oklahoma City 2 - Memphis 0
TOP OF THE 6TH
Oklahoma City Dodgers batting - Pitching for Memphis Redbirds : RHP Chris McMahon
Batting: LHB Justin Catron 0-0: Ball
1-0: Ball
2-0: Ball
3-0: Called Strike
3-1: Foul Ball, location: 7LDF
3-2: SINGLE (Line Drive, 3D, EV 76.9 MPH)
Batting: LHB Oscar Lester 0-0: Foul Ball, location: 2F
0-1: Ball
1-1: Bunt missed!
1-2: Ball
2-2: Single, Error in OF, E8, batter to second base (Line Drive, 8RS, EV 97.5 MPH)
Justin Catron to third
Batting: LHB Enrico DeLeón 0-0: Called Strike
0-1: Ball
1-1: Swinging Strike
1-2: Strikes out swinging
Batting: SHB Colton Duncan 0-0: Ball
1-0: Ball
2-0: Foul Ball, location: 3SF
2-1: Ball
3-1: Base on Balls
Batting: RHB Josh Breaux 0-0: Called Strike
0-1: Swinging Strike
0-2: Foul Ball, location: 9LSF
0-2: Ball
1-2: Strikes out swinging
Batting: RHB Christopher Morel 0-0: Ball
1-0: Ball
2-0: Fly out, F7 (Line Drive, 7S, EV 98.8 MPH)
Top of the 6th over - 0 runs, 2 hits, 1 error, 3 left on base; Oklahoma City 2 - Memphis 0
BOTTOM OF THE 6TH
Memphis Redbirds batting - Pitching for Oklahoma City Dodgers : RHP Curtis Peters
Batting: RHB Tyler Cross 0-0: Called Strike
0-1: Ball
1-1: Ball
2-1: Fly out, F7 (Flyball, 7, EV 78.8 MPH)
Batting: LHB William Stevens 0-0: Ball
1-0: Called Strike
1-1: Ball
2-1: Called Strike
2-2: Strikes out swinging
Batting: LHB Peter Beach 0-0: Ball
1-0: Called Strike
1-1: Ball
2-1: Foul Ball, location: 2F
2-2: Strikes out looking
Bottom of the 6th over - 0 runs, 0 hits, 0 errors, 0 left on base; Oklahoma City 2 - Memphis 0
TOP OF THE 7TH
Oklahoma City Dodgers batting - Pitching for Memphis Redbirds : RHP Chris McMahon
Batting: RHB Chris Burnett 0-0: Ball
1-0: SINGLE (Line Drive, 9LS, EV 96.9 MPH)
Batting: RHB Ty Storey 0-0: Swinging Strike
0-1: Ball
1-1: Ball
2-1: Ball
Wild Pitch!
Chris Burnett to second
3-1: Intentional Walk
Batting: RHB Andrew Taylor 0-0: Sac Bunt to 15S - play at third, runner OUT! 1-6
Ty Storey to second
Batting: LHB Justin Catron 0-0: Called Strike
0-1: Foul Ball, location: 7LDF
0-2: Ball
1-2: Fly out, F2 (Popup, 5SF, EV 75.6 MPH)
Batting: LHB Oscar Lester 0-0: Called Strike
0-1: Called Strike
0-2: Strikes out swinging
Top of the 7th over - 0 runs, 1 hit, 0 errors, 2 left on base; Oklahoma City 2 - Memphis 0
BOTTOM OF THE 7TH
Memphis Redbirds batting - Pitching for Oklahoma City Dodgers : RHP Curtis Peters
Batting: SHB Matt McLain 0-0: Ball
1-0: Swinging Strike
1-1: Called Strike
1-2: Strikes out swinging
Pitching: LHP Brant Hurter
Batting: RHB Ryan Kreidler 0-0: Ball
1-0: Called Strike
1-1: Foul Ball, location: 5SF
1-2: Fly out, F6 (Popup, 15, EV 80.6 MPH)
Batting: RHB Bo Bauer 0-0: Foul Ball, location: 9LDF
0-1: DOUBLE (Line Drive, 78M, EV 102.5 MPH)
Batting: RHB Justin Ellis 0-0: Foul Ball, location: 2F
0-1: Ground out U3 (Groundball, 34S, EV 93.1 MPH)
Bottom of the 7th over - 0 runs, 1 hit, 0 errors, 1 left on base; Oklahoma City 2 - Memphis 0
TOP OF THE 8TH
Oklahoma City Dodgers batting - Pitching for Memphis Redbirds : RHP Chris McMahon
Batting: LHB Enrico DeLeón 0-0: SOLO HOME RUN (Flyball, 9LD, EV 97.5 MPH), Distance : 348 ft
Batting: SHB Colton Duncan 0-0: Ball
1-0: Swinging Strike
1-1: Ground out 4-3 (Groundball, 4, EV 88.8 MPH)
Batting: RHB Josh Breaux 0-0: Called Strike
0-1: Ground out 5-3 (Groundball, 56, EV 85.0 MPH)
Batting: RHB Christopher Morel 0-0: SINGLE (Line Drive, 8LS, EV 101.9 MPH)
Batting: RHB Chris Burnett 0-0: Ball
1-0: Ball
Wild Pitch!
Christopher Morel to second
2-0: Foul Ball, location: 9LSF
2-1: Fly out, F7 (Flyball, 7, EV 93.8 MPH)
Top of the 8th over - 1 run, 2 hits, 0 errors, 1 left on base; Oklahoma City 3 - Memphis 0
BOTTOM OF THE 8TH
Memphis Redbirds batting - Pitching for Oklahoma City Dodgers : LHP Brant Hurter
Batting: RHB Joe Yovin 0-0: Ball
1-0: Foul Ball, location: 3F
1-1: SINGLE (Line Drive, 4D, EV 105.0 MPH)
Batting: RHB Danny Morton 0-0: SINGLE (Line Drive, 6MD, EV 102.5 MPH)
Joe Yovin to second
Batting: RHB Tyler Cross 0-0: Ball
1-0: Called Strike
1-1: Ball
2-1: Fielders Choice at 2nd, 3-6 (Groundball, 34, EV 101.3 MPH)
Joe Yovin to third
Batting: LHB William Stevens 0-0: Ball
1-0: Foul Ball, location: 3F
1-1: Ball
2-1: Called Strike
2-2: Ball
3-2: Strikes out looking
Batting: LHB Peter Beach 0-0: Foul Ball, location: 2F
0-1: Called Strike
0-2: Ball
1-2: Foul Ball, location: 7LSF
1-2: Fielders Choice at 2nd, 6-4 (Groundball, 6, EV 78.1 MPH)
Bottom of the 8th over - 0 runs, 2 hits, 0 errors, 2 left on base; Oklahoma City 3 - Memphis 0
TOP OF THE 9TH
Oklahoma City Dodgers batting - Pitching for Memphis Redbirds : RHP Chris McMahon
Batting: RHB Ty Storey 0-0: Ball
1-0: Ball
2-0: Ball
3-0: Called Strike
3-1: SINGLE (Line Drive, 7S, EV 85.6 MPH)
Pitching: RHP Alfonso Trujillo
Batting: RHB Andrew Taylor 0-0: Fly out, F9 (Line Drive, 9D, EV 106.3 MPH)
Batting: LHB Justin Catron 0-0: Ball
1-0: Ball
2-0: Ball
3-0: Called Strike
3-1: Foul Ball, location: 3DF
3-2: Strikes out swinging
Batting: LHB Oscar Lester 0-0: Foul Ball, location: 2F
0-1: Ground out 6-3 (Groundball, 6S, EV 66.3 MPH)
Top of the 9th over - 0 runs, 1 hit, 0 errors, 1 left on base; Oklahoma City 3 - Memphis 0
BOTTOM OF THE 9TH
Memphis Redbirds batting - Pitching for Oklahoma City Dodgers : LHP Brant Hurter
Batting: SHB Matt McLain 0-0: Foul Ball, location: 25F
0-1: Swinging Strike
0-2: Ball
1-2: Foul Ball, location: 2F
1-2: Foul Ball, location: 23F
1-2: Ball
2-2: Strikes out swinging
Batting: RHB Ryan Kreidler 0-0: Ball
1-0: Fly out, F7 (Flyball, 7S, EV 91.3 MPH)
Batting: RHB Bo Bauer 0-0: DOUBLE (Line Drive, 5D, EV 98.1 MPH)
Batting: RHB Justin Ellis 0-0: Foul Ball, location: 2F
0-1: SINGLE (Line Drive, 4D, EV 69.4 MPH)
Bo Bauer to third
Batting: RHB Joe Yovin 0-0: Called Strike
0-1: Swinging Strike
0-2: Fly out, F7 (Flyball, 7S, EV 75.6 MPH)
Bottom of the 9th over - 0 runs, 2 hits, 0 errors, 2 left on base; Oklahoma City 3 - Memphis 0
Tuesday, April 23rd , 2024 - OOTP Baseball 24.11 Build 85